 Dungeon Crawl Stone Soup version 0.29-a0-495-g17b79114eb (webtiles) character file.

Game seed: 6937535744010587630

161 croobank the Conjurer (level 5, -5/34 HPs)
             Began as an Octopode Conjurer on May 27, 2022.
             Killed from afar by Ijyb (7 damage)
             ... with a puff of flame
             ... on level 3 of the Dungeon.
             The game lasted 00:09:15 (2750 turns).

croobank the Conjurer (Octopode Conjurer)           Turns: 2750, Time: 00:09:15

Health: -5/34      AC:  1    Str:  6    XL:     5   Next: 42%
Magic:  6/9        EV: 13    Int: 23    God:
Gold:   140        SH:  0    Dex: 10    Spells: 3/9 levels left

rFire   . . .      SeeInvis .   a - +3 hand axe (elec)
rCold   . . .      Faith    .   (no shield)
rNeg    . . .      Spirit   .   (helmet restricted)
rPois   .          Reflect  .   (no amulet)
rElec   .          Harm     .   (no ring)
rCorr   .          Rampage  .   (no ring)
Will    .....                   (no ring)
Stlth   +++.......              (no ring)
HPRegen 0.11/turn               (no ring)
MPRegen 0.11/turn               (no ring)
                                (no ring)
                                (no ring)

@: attractive
A: almost no armour, amphibious, 8 rings, camouflage 1, gelatinous body 1,
(nimble swimmer 1), tentacles
a: no special abilities


You were on level 3 of the Dungeon.
You visited 1 branch of the dungeon, and saw 3 of its levels.

You collected 140 gold pieces.

Inventory:

Hand Weapons
 a - a +3 hand axe of electrocution (weapon)
 f - a +0 spectral war axe
 i - a +1 dagger of draining
 j - a +0 spear
 m - a +0 quarterstaff
Missiles
 h - 126 stones
 l - 2 poisoned darts
 q - a throwing net
Jewellery
 p - an amulet of the acrobat
Scrolls
 b - a scroll of teleportation
 d - a scroll of enchant armour
 r - a scroll of identify
Potions
 e - 2 potions of degeneration
 g - 2 potions of flight
 n - a potion of lignification


   Skills:
 + Level 1.7 Fighting
 + Level 0.1 Axes
 + Level 3.0 Dodging
 + Level 4.2 Stealth
 + Level 2.8 Spellcasting
 + Level 4.6 Conjurations


You had 3 spell levels left.
You knew the following spells:

 Your Spells              Type           Power      Damage    Failure   Level
a - Magic Dart            Conj           96%        1d7       1%          1
b - Searing Ray           Conj           48%        2d6       2%          2
c - Dazzling Flash        Conj/Hex       26%        N/A       14%         3

Your spell library contained the following spells:

 Spells                   Type           Power      Damage    Failure   Level
 Call Imp                 Summ           3%         N/A       19%         2
 Mephitic Cloud           Conj/Pois/Air  10%        N/A       19%         3
 Fulminant Prism          Conj/Hex       6%         3d7       41%         4
 Iskenderun's Mystic Bla  Conj/Tloc      13%        2d5       41%         4


Dungeon Overview and Level Annotations

Branches:
Dungeon (3/15)

Altars:
Ashenzari
Kikubaaqudgha

Shops:
D:2 (

Annotations:
D:3 Ijyb


Innate Abilities, Weirdness & Mutations

You cannot wear most types of armour.
You are amphibious.
You can wear up to eight rings at the same time.
Your skin changes colour to match your surroundings (Stealth+).
Your rubbery body absorbs attacks. (AC +1, EV +1)
((You are camouflaged when in or above water. (Stealth+)))
You have tentacles for arms and can constrict up to eight enemies at once.


Message History

Ijyb is moderately wounded.
You constrict Ijyb, but do no damage. Ijyb closely misses you.
You completely miss Ijyb.
Ijyb is moderately wounded.
You constrict Ijyb, but do no damage. Ijyb hits you with a +2 club.
Magic courses through your body.
You constrict Ijyb, but do no damage.
Ijyb zaps a wand.
The puff of flame hits you.
You hit Ijyb. You squeeze Ijyb, but do no damage.
Ijyb is moderately wounded.
You constrict Ijyb. Ijyb hits you with a +2 club.
Okay, then.
Casting: Dazzling Flash (quite dangerous; 14% risk of failure)
Confirm with . or Enter, or press ? or * to list all spells.
The spell is quite dangerous to miscast (14% risk of failure)!
Continue anyway?
Casting: Dazzling Flash (quite dangerous; 14% risk of failure)
Press: ? - help, Dir - look around, f - activate The orc is dazzled.
You constrict Ijyb, but do no damage.
Ijyb zaps a wand.
The puff of flame hits you!
* * * LOW HITPOINT WARNING * * *
The orc throws a boomerang.
The boomerang hits Ijyb but does no damage.
You feel better.
You constrict Ijyb. Ijyb barely misses you.
You completely miss Ijyb.
Ijyb is heavily wounded.
You constrict Ijyb.
The orc is no longer blind.
Ijyb screams, "Level is mine!
All mine!"
Ijyb closely misses you.
An orc comes into view. It is wielding a +0 flail.
Ijyb barely misses you.
You hit Ijyb but do no damage.
Ijyb is heavily wounded.
You constrict Ijyb, but do no damage.
Ijyb zaps a wand.
The puff of flame hits you.
* * * LOW HITPOINT WARNING * * *
Okay, then.
It was a potion of attraction.
You feel attractive to monsters.
You constrict Ijyb, but do no damage.
Ijyb zaps a wand.
The puff of flame hits you!
You die... ####.#.# #.....§o.≈.. #....#.# #...)≈≈≈§≈. ###..#.# ......... ####..... ....... #.......# ..... ####...## oo.

##.## #g# ### #.# #@#
#.# #.# #.###.# ##'##
#.....# ##...## ####.##
##.....# #. ####.##
#.......
#^_.###.#...####........
.^^............+........
#..####.#...####........
#.##.## ##......<


You could see Ijyb and 3 orcs.

Vanquished Creatures
  An orc priest (D:3)
  3 gnolls
  4 adders
  A worm (D:2)
  5 orcs (D:3)
  7 ball pythons
  5 endoplasms
  A giant cockroach (D:2)
  4 goblins (D:1)
  2 hobgoblins (D:2)
  6 jackals
  10 kobolds
  2 quokkas
  A bat (D:1)
  3 frilled lizards
  8 rats
63 creatures vanquished.

Notes
Turn   | Place    | Note
-------+----------+-------------------------------------------
     0 | D:1      | croobank the Octopode Conjurer began the quest for the Orb.
     0 | D:1      | Reached XP level 1. HP: 11/11 MP: 3/3
   294 | D:1      | Reached XP level 2. HP: 13/17 MP: 1/5
   340 | D:1      | Learned a level 2 spell: Searing Ray
   904 | D:1      | Reached XP level 3. HP: 22/22 MP: 3/6
  1114 | D:1      | Learned a level 3 spell: Dazzling Flash
  1359 | D:2      | Reached skill level 1 in Fighting
  1553 | D:2      | Found a broken altar of Ashenzari.
  1567 | D:2      | Reached XP level 4. HP: 15/28 MP: 1/7
  1789 | D:2      | Found Inichome's Weapon Shoppe.
  2385 | D:3      | Found an ancient bone altar of Kikubaaqudgha.
  2448 | D:3      | Reached XP level 5. HP: 29/33 MP: 4/9
  2710 | D:3      | Found a faded altar of an unknown god.
  2729 | D:3      | Noticed Ijyb
  2750 | D:3      | Killed from afar by Ijyb

Illustrated notes

Levels and vault maps discovered:
D:1:      dpeg_arrival_radiant, layout_rooms
D:2:      layout_basic, basic_altar, serial_shops, nicolae_shop_trees,
          minmay_hedge_maze, minivault_26, palyth_stone_intersect
D:3:      layout_loops_corners, nicolae_dithmenos_through_a_glass_darkly,
          nicolae_hepliaklqana_monster_ancestors, mainiacjoe_overflow_alcove_1,
          serial_glass, glass_columns_b, glass_columns_c,
          ebering_ecumenical_altar_webs, kennysheep_potato, uniq_ijyb

Skill      XL: |  1  2  3  4  5 |
---------------+----------------+-----
Stealth        | 3 4 |  4.2
Fighting       | 1 |  1.7
Dodging        | 3 |  3.0
Axes           | |  0.1
Spellcasting   | |  2.8
Conjurations   | |  4.6

Action                   |  1- 3 |  4- 6 || total
-------------------------+-------+-------++-------
Melee: Unarmed           |    13 |       ||    13
       Tentacles         |     8 |     8 ||    16
       Constrict         |     7 |    10 ||    17
       Hand axe          |    24 |    50 ||    74
 Cast: Magic Dart        |    38 |    23 ||    61
       Dazzling Flash    |       |     3 ||     3
  Use: Scroll            |       |    10 ||    10
       Potion            |       |     3 ||     3
 Stab: Sleeping          |     5 |     2 ||     7
Armor: Skin              |     2 |     2 ||     4
Dodge: Dodged            |    26 |    46 ||    72

Table legend: (Time is in decaauts)
 A = Elapsed time spent in this place.
 B = Non-inter-level travel time spent in this place.
 C = Inter-level travel time spent in this place.
 D = Time resting spent in this place.
 E = Time spent auto-exploring this place.
 F = Levels seen in this place.
 G = Mean time per level.
                   A        B        C        D        E       F      G
               +--------+--------+--------+--------+--------+-----+--------+
         Total |   2774 |   2727 |     47 |    518 |   1687 |   3 |  924.7 |
       Dungeon |   2774 |   2727 |     47 |    518 |   1687 |   3 |  924.7 |
               +--------+--------+--------+--------+--------+-----+--------+

Top non-repeatable levels by time:
     D:1: 1400 daAuts
     D:2: 1000 daAuts
     D:3: 374 daAuts
